 Seeded DCSS version 0.28.0-53-g5a82cb258f (console) character file.

Game seed: 16485589664932812168 (custom seed)

207 grimtooth the Conjurer (level 5, -4/31 HPs)
             Began as an Octopode Hedge Wizard on June 26, 2022.
             Slain by Menkaure (23 damage)
             ... on level 4 of the Dungeon.
             The game lasted 00:12:47 (3447 turns).

grimtooth the Conjurer (Octopode Hedge Wizard)      Turns: 3447, Time: 00:12:50

Health: -4/31      AC:  1    Str:  9    XL:     5   Next: 85%
Magic:  2/9        EV: 13    Int: 19    God:
Gold:   105        SH:  0    Dex: 11    Spells: 1/10 levels left

rFire   . . .      SeeInvis .   a - +2 dagger (elec)
rCold   . . .      Faith    .   (no shield)
rNeg    . . .      Spirit   .   b - +0 hat
rPois   .          Reflect  .   h - amulet of regeneration
rElec   .          Harm     .   (no ring)
rCorr   .          Rampage  .   (no ring)
Will    .....                   (no ring)
Stlth   +++.......              (no ring)
HPRegen 0.90/turn               (no ring)
MPRegen 0.11/turn               (no ring)
                                (no ring)
                                (no ring)

@: no status effects
A: almost no armour, amphibious, 8 rings, camouflage 1, gelatinous body 1,
(nimble swimmer 1), tentacles
a: no special abilities


You were on level 4 of the Dungeon.
You visited 1 branch of the dungeon, and saw 4 of its levels.

You collected 105 gold pieces.

Inventory:

Hand Weapons
 a - a +2 dagger of electrocution (weapon)
 g - a +0 dagger
Missiles
 i - 102 stones
 m - 5 silver boomerangs
 r - 4 javelins
 s - 3 boomerangs
Armour
 b - a +0 hat (worn)
Jewellery
 h - an amulet of regeneration (around mantle)
 l - a ring of fire
 q - an amulet of reflection
Scrolls
 d - a scroll of identify {unknown}
 e - 3 scrolls of teleportation {unknown}
 n - a scroll of amnesia {unknown}
 o - 2 scrolls of fear {unknown}
 t - a scroll of vulnerability {unknown}
 u - a scroll of holy word {unknown}
 w - 3 scrolls of blinking {unknown}
 x - a scroll of magic mapping {unknown}
Potions
 c - 2 potions of curing {unknown}
 f - a potion of heal wounds {unknown}
 j - a potion of attraction {unknown}
 k - a potion of degeneration {unknown}
 p - a potion of berserk rage {unknown}
 v - a potion of mutation {unknown}


   Skills:
 - Level 2.0 Dodging
 - Level 2.6 Stealth
 - Level 3.0 Spellcasting
 + Level 5.5 Conjurations
 * Level 1.0 Summonings
 - Level 1.0 Translocations
 + Level 0.0 Poison Magic


You had one spell level left.
You knew the following spells:

 Your Spells              Type           Power      Damage    Failure   Level
a - Magic Dart            Conj           96%        1d7       1%          1
b - Slow                  Hex            8%         N/A       16%         1
c - Call Imp              Summ           6%         N/A       16%         2
d - Mephitic Cloud        Conj/Pois/Air  10%        N/A       22%         3
k - Blink                 Tloc           12%        N/A       16%         2

Your spell library contained the following spells:

 Spells                   Type           Power      Damage    Failure   Level
 Animate Skeleton         Necr           4%         N/A       16%         1
 Pain                     Necr           8%         1d4       16%         1
 Conjure Flame            Conj/Fire      13%        6-21      14%         3
 Gell's Gravitas          Tloc           6%         N/A       30%         3
 Teleport Other           Tloc           6%         N/A       30%         3
 Vampiric Draining        Necr           2%         2d6       41%         3
 Dispersal                Tloc           3%         N/A       100%        6


Dungeon Overview and Level Annotations

Branches:
Dungeon (4/15)
 Temple: D:4-7

Altars:

Annotations:
D:1 flypport
D:2 Sigmund
D:4 Menkaure


Innate Abilities, Weirdness & Mutations

You cannot wear most types of armour.
You are amphibious.
You can wear up to eight rings at the same time.
Your skin changes colour to match your surroundings (Stealth+).
Your rubbery body absorbs attacks. (AC +1, EV +1)
((You are camouflaged when in or above water. (Stealth+)))
You have tentacles for arms and can constrict up to eight enemies at once.


Message History

Attack!
Menkaure casts a spell.
Menkaure seems to speed up.
Menkaure hits your crimson imp!
Your crimson imp dies!
Your crimson imp disappears in a puff of smoke!
Casting: Call Imp (safe; 16% risk of failure)
Confirm with . or Enter, or press ? or * to list all spells.
Aiming: Magic Dart (safe; 1% risk of failure)
Press: ? - help, Shift-Dir - straight line, f/p - Menkaure
Aim: Menkaure (fast, 100% to hit)
The magic dart hits Menkaure.
Menkaure is moderately damaged.
Casting: Magic Dart (safe; 1% risk of failure)
Confirm with . or Enter, or press ? or * to list all spells.
Aiming: Magic Dart (safe; 1% risk of failure)
Press: ? - help, Shift-Dir - straight line, f/p - Menkaure
Aim: Menkaure (purple smoke, moderately damaged, fast, 100% to hit)
The magic dart hits Menkaure but does no damage.
Menkaure is moderately damaged.
Menkaure calls on the powers of darkness!
Your body is wracked with pain!
Casting: Magic Dart (safe; 1% risk of failure)
Confirm with . or Enter, or press ? or * to list all spells.
Aiming: Magic Dart (safe; 1% risk of failure)
Press: ? - help, Shift-Dir - straight line, f/p - Menkaure
Aim: Menkaure (moderately damaged, fast, 100% to hit)
The magic dart hits Menkaure.
Menkaure is moderately damaged.
Casting: Magic Dart (safe; 1% risk of failure)
Confirm with . or Enter, or press ? or * to list all spells.
Aiming: Magic Dart (safe; 1% risk of failure)
Press: ? - help, Shift-Dir - straight line, f/p - Menkaure
Aim: Menkaure (moderately damaged, fast, 100% to hit)
The magic dart hits Menkaure.
Menkaure is heavily damaged.
Menkaure gestures at you while chanting.
You barely resist. Menkaure hits you!!
Ouch! That really hurt!
You die...

........##.# #.## #
........##.# #...#..
.....#####.# ......#
.##..#####.# M......
...........###......#
###..................
##.#.######.##.###
#.#.# #.##.# #.#.#
#.##.# # #.#.# #.##.#
####.#.# #.##@#.##
.....#.# #..M....#
.......# ###.##.##
#### ### #?# .# # #.#
# #.# #.# ..# ###


You could see Menkaure (fast).

Vanquished Creatures
  An orc priest (D:3)
  Jessica (D:3)
  Natasha (D:2)
  Robin (D:2)
  2 adders (D:3)
  A worm (D:2)
  2 dart slugs
  5 orcs (D:3)
  9 ball pythons
  5 bats
  4 endoplasms
  3 giant cockroaches
  19 goblins
  7 hobgoblins
  6 kobolds
  3 quokkas
  3 frilled lizards
  6 rats
79 creatures vanquished.

Vanquished Creatures (others)
  4 fungi (D:3)
  2 plants (D:3)
6 creatures vanquished.

Grand Total: 85 creatures vanquished

Notes
Turn   | Place    | Note
-------+----------+-------------------------------------------
     0 | D:1      | grimtooth the Octopode Hedge Wizard began the quest for the
                  | Orb.
     0 | D:1      | Reached XP level 1. HP: 11/11 MP: 4/4
   267 | D:1      | Reached skill level 2 in Conjurations
   267 | D:1      | Reached XP level 2. HP: 17/17 MP: 0/6
   749 | D:1      | Reached XP level 3. HP: 21/21 MP: 3/7
   959 | D:1      | Reached skill level 3 in Conjurations
  1260 | D:2      | Noticed Robin
  1576 | D:2      | Noticed Sigmund
  1727 | D:2      | Identified the +1 scale mail of the First Friars {rElec
                  | SInv}
  1777 | D:2      | Noticed Natasha
  1813 | D:2      | Killed Natasha
  1814 | D:2      | Reached skill level 4 in Conjurations
  1814 | D:2      | Reached XP level 4. HP: 23/27 MP: 1/8
  1906 | D:2      | Killed Robin
  2259 | D:3      | Learned a level 2 spell: Call Imp
  2262 | D:3      | Learned a level 2 spell: Blink
  2447 | D:3      | Reached XP level 5. HP: 31/31 MP: 7/9
  2544 | D:3      | Found a faded altar of an unknown god.
  2931 | D:3      | Noticed Jessica
  2996 | D:2      | Reached skill level 5 in Conjurations
  3052 | D:3      | Killed Jessica
  3280 | D:3      | Learned a level 3 spell: Mephitic Cloud
  3282 | D:3      | Learned a level 1 spell: Slow
  3427 | D:4      | Noticed Menkaure
  3447 | D:4      | Slain by Menkaure

Illustrated notes

Levels and vault maps discovered:
D:1:      lemuel_arrival_lava_pool, layout_rooms, minivault_19
D:2:      layout_loops_cross, uniq_robin, uniq_natasha, uniq_sigmund
D:3:      layout_basic, shapermc_ecumenical_altar_acropolis, serial_aquarium,
          aquarium_bridge_straight [aquarium_subvault_bridge,
          aquarium_subvault_wall, aquarium_subvault_bridge,
          aquarium_subvault_window], aquarium_bridge_square
          [aquarium_subvault_bridge, aquarium_subvault_window,
          aquarium_subvault_wall, aquarium_subvault_bridge], aquarium_window_1,
          aquarium_window_fake, aquarium_view_2f, aquarium_view_2b, uniq_jessica
D:4:      layout_loops_ring, minmay_temple_entry_glass, uniq_blork_the_orc,
          uniq_menkaure

Skill      XL: |  1  2  3  4  5 |
---------------+----------------+-----
Conjurations   | 2 4 5 |  5.5
Dodging        | |  2.0
Stealth        | |  2.6
Spellcasting   | |  3.0
Summonings     | |  1.0
Translocations | |  1.0

Action                   |  1- 3 |  4- 6 || total
-------------------------+-------+-------++-------
Melee: Dagger            |    16 |    11 ||    27
       Constrict         |     6 |     3 ||     9
       Tentacles         |     1 |     5 ||     6
 Cast: Magic Dart        |    89 |    76 ||   165
       Call Imp          |       |     2 ||     2
 Stab: Sleeping          |       |     1 ||     1
Armor: Skin              |     2 |     2 ||     4
Dodge: Dodged            |    11 |     8 ||    19
